Workbook
Name Encargos: 'Encargos Social'!$D$48
Name Salário: 'Salário Base'!$C$14

Sheet RESUMO LOTE II (BA)
A3: PLANILHA DE ORÇAMENTO - LOTE 2
F6: DATA BASE: JANEIRO/20
A7: Ítem | B7: Serviço | C7: Unidade | D7: Quantidade | E7: Preço Unitário | F7: Total
A8: 1. | B8: COLETA E TRANSPORTE DE RESÍDUOS | F8: =ROUND(F9+F10,2) -> 2025608.1
A9: 1.1. | B9: Coleta e Transporte de Resíduos Sólidos Domiciliares | C9: toneladas | D9: 14477.72 | E9: 88.73 | F9: =D9*E9 -> 1284608.1
A10: 1.2. | B10: Coleta e Transporte de Resíduos Sólidos em Focos de Resíduos | C10: toneladas | D10: 15000 | E10: 49.4 | F10: =D10*E10 -> 741000
A11: 2. | B11: LIMPEZA URBANA | F11: =SUM(F12:F17) -> 2539249.8
A12: 2.1. | B12: Varrição Manual de Vias Públicas | C12: equipe/mês | D12: 3 | E12: 124040.87 | F12: =D12*E12 -> 372122.61
A13: 2.2. | B13: Limpeza e Lavagem de Feiras e Mercados | C13: equipe/mês | D13: 6 | E13: 75757.63 | F13: =D13*E13 -> 454545.78
A14: 2.3. | B14: Roçagem Manual e Mecânica | C14: equipe/mês | D14: 5 | E14: 49822.61 | F14: =D14*E14 -> 249113.05
A15: 2.4. | B15: Capinação, Raspagem e Caiação de Vias e Logradouros Públicos | C15: equipe/mês | D15: 10 | E15: 85418.48 | F15: =D15*E15 -> 854184.8
A16: 2.5. | B16: Limpeza e Desobstrução Manual de Valas e Canais | C16: equipe/mês | D16: 3 | E16: 104560.39 | F16: =D16*E16 -> 313681.17
A17: 2.6. | B17: Equipe de Limpeza Urbana para Mutirão | C17: equipe/mês | D17: 2 | E17: 147801.21 | F17: =D17*E17 -> 295602.42
A18: TOTAL MENSAL | F18: =ROUND(F8+F11,2) -> 4564857.9
A19: TOTAL 6 MESES | F19: =F18*6 -> 27389148
A21: Ananindeua (PA), 28 de fevereiro de 2020.
A25: ___________________________________ | D25: ___________________________________
A26: B.A. MEIO AMBIENTE LTDA. - em Recuperação Judicial | D26: Antonio Gerson Smith Santos
A27: CNPJ: 07.593.016/0004-47 | D27: Engenheiro Sanitarista
A28: Heraldo Rodrigues da Cruz | D28: CREA: 150750006-8
A29: Gerente Comercial
A30: CPF: 616.353.592-87

Sheet RESUMO LOTE II (RECICLE)
A4: PLANILHA DE ORÇAMENTO - LOTE 2
F6: DATA BASE: JANEIRO/20
A7: Ítem | B7: Serviço | C7: Unidade | D7: Quantidade | E7: Preço Unitário | F7: Total
A8: 1. | B8: COLETA E TRANSPORTE DE RESÍDUOS | F8: =ROUND(F9+F10,2) -> 2187552.4 | J8: =SUM(J9:J10) -> 2405472.4
A9: 1.1. | B9: Coleta e Transporte de Resíduos Sólidos Domiciliares | C9: toneladas | D9: 14477.72 | E9: 97.74 | F9: =D9*E9 -> 1415052.4 | H9: 14477.72 | I9: 90.33 | J9: =H9*I9 -> 1307772.4 | L9: =I9/E9-1 -> -0.075813382
A10: 1.2. | B10: Coleta e Transporte de Resíduos Sólidos em Focos de Resíduos | C10: toneladas | D10: 15000 | E10: 51.5 | F10: =D10*E10 -> 772500 | H10: 15000 | I10: 73.18 | J10: =H10*I10 -> 1097700 | L10: =I10/E10-1 -> 0.42097087
A11: 2. | B11: LIMPEZA URBANA | F11: =SUM(F12:F17) -> 2594039.3 | J11: =SUM(J12:J17) -> 2936216.6
A12: 2.1. | B12: Varrição Manual de Vias Públicas | C12: equipe/mês | D12: 3 | E12: 125977.31 | F12: =D12*E12 -> 377931.93 | H12: 3 | I12: 140772.11 | J12: =H12*I12 -> 422316.33 | L12: =I12/E12-1 -> 0.1174402
A13: 2.2. | B13: Limpeza e Lavagem de Feiras e Mercados | C13: equipe/mês | D13: 6 | E13: 76247.69 | F13: =D13*E13 -> 457486.14 | H13: 6 | I13: 83593.41 | J13: =H13*I13 -> 501560.46 | L13: =I13/E13-1 -> 0.09634023
A14: 2.3. | B14: Roçagem Manual e Mecânica | C14: equipe/mês | D14: 5 | E14: 52925.21 | F14: =D14*E14 -> 264626.05 | H14: 5 | I14: 60079.48 | J14: =H14*I14 -> 300397.4 | L14: =I14/E14-1 -> 0.13517698
A15: 2.4. | B15: Capinação, Raspagem e Caiação de Vias e Logradouros Públicos | C15: equipe/mês | D15: 10 | E15: 87714.25 | F15: =D15*E15 -> 877142.5 | H15: 10 | I15: 98374.46 | J15: =H15*I15 -> 983744.6 | L15: =I15/E15-1 -> 0.12153339
A16: 2.5. | B16: Limpeza e Desobstrução Manual de Valas e Canais | C16: equipe/mês | D16: 3 | E16: 104891.59 | F16: =D16*E16 -> 314674.77 | H16: 3 | I16: 118661.5 | J16: =H16*I16 -> 355984.5 | L16: =I16/E16-1 -> 0.13127754
A17: 2.6. | B17: Equipe de Limpeza Urbana para Mutirão | C17: equipe/mês | D17: 2 | E17: 151088.97 | F17: =D17*E17 -> 302177.94 | H17: 2 | I17: 186106.64 | J17: =H17*I17 -> 372213.28 | L17: =I17/E17-1 -> 0.23176854
A18: TOTAL MENSAL | F18: =ROUND(F8+F11,2) -> 4781591.7 | H18: =F18*0.7 -> 3347114.2 | J18: =SUM(J8+J11) -> 5341689
A19: TOTAL 6 MESES | F19: =F18*6 -> 28689550 | J19: =J18/F18-1 -> 0.11713617
H20: 0.20792323 | J20: =J18-F18 -> 560097.34
H21: =4387247.24 -> 4387247.2 | J21: =J11-F11 -> 342177.24
A22: Ananindeua (PA), 27 de fevereiro de 2020. | H22: =H21/F18-1 -> -0.082471375 | J22: =J8-F8 -> 217920.1
H24: =F18-H21 -> 394344.44
A26: ___________________________________ | D26: ___________________________________
A27: B.A. MEIO AMBIENTE LTDA. - em Recuperação Judicial | D27: Antonio Gerson Smith Santos
A28: CNPJ: 07.593.016/0004-47 | D28: Engenheiro Sanitarista
A29: Heraldo Rodrigues da Cruz | D29: CREA: 150750006-8
A30: Gerente Comercial
A31: CPF: 616.353.592-87

Sheet RESUMO LOTE II (BA) (2)
A4: PLANILHA DE ORÇAMENTO - LOTE 2
F6: DATA BASE: JANEIRO/20 | H6: =82/97 -> 0.84536082
A7: Ítem | B7: Serviço | C7: Unidade | D7: Quantidade | E7: Preço Unitário | F7: Total
A8: 1. | B8: COLETA E TRANSPORTE DE RESÍDUOS | F8: =ROUND(F9+F10,2) -> 6207602 | J8: =SUM(J9:J10) -> 2071407.6
A9: 1.1. | B9: Coleta e Transporte de Resíduos Sólidos Domiciliares | C9: toneladas | D9: 14477.72 | E9: ='Coleta Domiciliar'!I486 -> 295.24 | F9: =D9*E9 -> 4274402.1 | H9: 14477.72 | I9: 91.22 | J9: =H9*I9 -> 1320657.6 | L9: =I9/E9-1 -> -0.69103103
A10: 1.2. | B10: Coleta e Transporte de Resíduos Sólidos em Focos de Resíduos | C10: toneladas | D10: 15000 | E10: =Entulho!I529 -> 128.88 | F10: =D10*E10 -> 1933200 | H10: 15000 | I10: 50.05 | J10: =H10*I10 -> 750750 | L10: =I10/E10-1 -> -0.61165425
A11: 2. | B11: LIMPEZA URBANA | F11: =SUM(F12:F17) -> #REF! | J11: =SUM(J12:J17) -> 2587766.8
A12: 2.1. | B12: Varrição Manual de Vias Públicas | C12: equipe/mês | D12: 3 | E12: ='Varrição Manual'!I381 -> 271.13 | F12: =D12*E12 -> 813.39 | H12: 3 | I12: 125977.31 | J12: =H12*I12 -> 377931.93 | L12: =I12/E12-1 -> 463.63803
A13: 2.2. | B13: Limpeza e Lavagem de Feiras e Mercados | C13: equipe/mês | D13: 6 | E13: =#REF! -> #REF! | F13: =D13*E13 -> #REF! | H13: 6 | I13: 76247.69 | J13: =H13*I13 -> 457486.14 | L13: =I13/E13-1 -> #REF!
A14: 2.3. | B14: Roçagem Manual e Mecânica | C14: equipe/mês | D14: 5 | E14: =#REF! -> #REF! | F14: =D14*E14 -> #REF! | H14: 5 | I14: 52925.21 | J14: =H14*I14 -> 264626.05 | L14: =I14/E14-1 -> #REF!
A15: 2.4. | B15: Capinação, Raspagem e Caiação de Vias e Logradouros Públicos | C15: equipe/mês | D15: 10 | E15: =#REF! -> #REF! | F15: =D15*E15 -> #REF! | H15: 10 | I15: 87714.25 | J15: =H15*I15 -> 877142.5 | L15: =I15/E15-1 -> #REF!
A16: 2.5. | B16: Limpeza e Desobstrução Manual de Valas e Canais | C16: equipe/mês | D16: 3 | E16: =#REF! -> #REF! | F16: =D16*E16 -> #REF! | H16: 3 | I16: 104891.59 | J16: =H16*I16 -> 314674.77 | L16: =I16/E16-1 -> #REF!
A17: 2.6. | B17: Equipe de Limpeza Urbana para Mutirão | C17: equipe/mês | D17: 2 | E17: =#REF! -> #REF! | F17: =D17*E17 -> #REF! | H17: 2 | I17: 147952.7 | J17: =H17*I17 -> 295905.4 | L17: =I17/E17-1 -> #REF!
A18: TOTAL MENSAL | F18: =ROUND(F8+F11,2) -> #REF! | H18: =F18*0.7 -> #REF! | J18: =SUM(J8+J11) -> 4659174.4
A19: TOTAL 6 MESES | F19: =F18*6 -> #REF! | I19: 27955104 | J19: =J18/F18-1 -> #REF!
H20: 0.26526376 | I20: =I19-F19 -> #REF! | J20: =J18-F18 -> #REF!
I21: =I19/6 -> 4659184 | J21: =J11-F11 -> #REF!
A22: Ananindeua (PA), 28 de fevereiro de 2020. | I22: =I21-F18 -> #REF! | J22: =J8-F8 -> -4136194.4
A26: ___________________________________ | D26: ___________________________________
A27: B.A. MEIO AMBIENTE LTDA. - em Recuperação Judicial | D27: Antonio Gerson Smith Santos
A28: CNPJ: 07.593.016/0004-47 | D28: Engenheiro Sanitarista
A29: Heraldo Rodrigues da Cruz | D29: CREA: 150750006-8
A30: Gerente Comercial
A31: CPF: 616.353.592-87

Sheet PREÇO PMP
A1: PLANILHA ORÇAMENTO- COLETA E MANEJO DE RESÍDUOS SÓLIDOS E LIMPEZA DE VIAS PÚBLICAS NO MUNICÍPIO DE PARAUAPEBAS
A3: ITEM | B3: SERVIÇOS | C3: UNID. | D3: QUANT. MENSAL | E3: PREÇO UNITÁRIO (R$) | F3: PREÇO MENSAL (R$) | G3: QUANTIDADE P/12 MESES | H3: VALOR- 12 MESES (R$)
A4: 1.1 | B4: COLETA E TRANSPORTE DE RESÍDUOS SÓLIDOS URBANOS (RSU) | C4: ton. | D4: 7000 | E4: 295.24 | F4: 2066680 | G4: 84000 | H4: 24800160
A5: 1.2 | B5: COLETA MECANIZADA E TRANSPORTE DE ENTULHOS | C5: M3 | D5: 17000 | E5: 128.88 | F5: 2190960 | G5: 204000 | H5: 26291520
A6: 1.3 | B6: LIMPEZA E LAVAGEM DE FEIRAS E MERCADOS | C6: Equipe | D6: 1 | E6: 194693.65 | F6: 194693.65 | G6: 12 | H6: 2336323.8
A7: 1.4 | B7: VARRIÇÃO MANUAL DE VIAS PÚBLICAS | C7: km/eixo | D7: 3500 | E7: 271.13 | F7: 948955 | G7: 42000 | H7: 11387460
B8: SUBTOTAL | F8: 5401288.7 | H8: 64815464
A9: 2.1 | B9: CAPINA MECANIZADA | C9: Equipe | D9: 2 | E9: 87687.08 | F9: 175374.16 | G9: 24 | H9: 2104489.9
A10: 2.2 | B10: EQUIPE PADRÃO | C10: Equipe | D10: 10 | E10: 260802.85 | F10: 2608028.5 | G10: 120 | H10: 31296342
A11: 2.3 | B11: EQUIPE PERMANENTE DE LIMPEZA DE CEMITÉRIOS | C11: Equipe | D11: 1 | E11: 247519.72 | F11: 247519.72 | G11: 12 | H11: 2970236.6
B12: SUBTOTAL | F12: 3030922.4 | H12: 36371069
A13: PREÇO TOTAL MENSAL (R$) | F13: 8432211
F14: PREÇO GLOBAL12 MESES (R$) | H14: 1.0118653e+08
B17: PARAUAPEBAS/PA
B18: Local | D18: Responsável Técnico
D19: Nome: | E19: CLAUDIO EDUARDO BARBOSA CUNHA
B20: 46085 | D20: CREA/CAU: | E20: 261835077-4
B21: Data

Sheet Coleta Domiciliar
A1: COMPOSIÇÃO DE PREÇOS
A2: COLETA E TRANSPORTE DE RESÍDUOS SÓLIDOS URBANOS (RSU)
B4: DADOS OPERACIONAIS
B5: Número de dias no ano: | C5: 365 | D5: dias
B6: Domingos no ano: | C6: 52.142857 | D6: dias
B7: Dias úteis no ano: | C7: 312.85714 | D7: dias
B8: Média mensal dias úteis: | C8: 26.071429 | D8: dias
B9: Feirados no ano: | C9: 12 | D9: dias
B10: Dias úteis no ano sem feirados: | C10: 300.85714 | D10: dias
B11: Média mensal dias úteis sem feirado: | C11: 25.071429 | D11: dias
B13: Quantidade Mensal de Serviço: | C13: 7000 | D13: toneladas
B14: Dias efetivos o mês: | C14: 25.071429 | D14: dias
B15: Quantidade Diária de Serviço: | C15: 279.20228 | D15: toneladas/dia
B17: DIMENSIONAMENTO CAMINHÃO 15 M³
B18: Quantidade Diária de Serviço: | C18: 279.20228 | D18: toneladas
B19: Quantidade Diária de Coleta Diurna: | C19: 0.5 | D19: participação | E19: 139.60114 | F19: toneladas
B20: Quantidade Diária de Coleta Noturna: | C20: 0.5 | D20: participação | E20: 139.60114 | F20: toneladas
B22: Capacidade do Veículo Coletor 15 m3 | C22: 13 | D22: toneladas
B23: Quantidade de Viagens por Turno: | C23: 1 | D23: viagens
B24: Quantidade Coleta por Turno: | C24: 13 | D24: toneladas/turno
B26: Quantidade de Veículos Diurno: | C26: 10.738549 | D26: veículos | E26: Quantidade Adotada: | F26: 11
B27: Quantidade de Veículos Noturno: | C27: 10.738549 | D27: veículos | E27: Quantidade Adotada: | F27: 11
B28: Quantidade de Veículos Domingos: | C28: 0 | D28: veículos
B29: Total de Saídas: | C29: 22
B31: COMPOSIÇÃO DE EQUIPE | D31: QUANT. | F31: EQUIPE DE COLETA ESPECIAL | H31: QUANT.
B33: Veículo Coletor 15 m3 | D33: 1 | F33: Trator com carroceria | H33: 1
B34: Motorista | D34: 1 | F34: Motorista | H34: 1
B35: Coletor | D35: 3 | F35: Coletor | H35: 3
B37: COMPOSIÇÃO DE EQUIPE | D37: QUANT.
B38: Veículo Coletor 15 m3 | D38: 11
B39: Trator com carroceria | D39: 1
B40: Veículo Coletor 15 m3 (Reserva) | D40: 2
B41: Motorista Tipo V | D41: 12
B42: Coletor | D42: 36
B43: Fiscal de Serviço | D43: 2
B44: Veículo de Fiscal | D44: 1
B46: Veículos
B47: Caminhão Coletor Compactador 15m³ | D47: Quantidade | E47: Reserva | F47: Km/dia por Veíc. | G47: Km por mês | H47: Efetivo | I47: Reserva
B48: diurno | D48: 11 | E48: 0.1 | F48: 80 | G48: 22942.857 | H48: 11 | I48: 1
B49: noturno | D49: 11 | E49: 0.1 | F49: 80 | G49: 22942.857 | H49: 11 | I49: 1
B50: domingos | D50: 0 | E50: 0 | G50: 0 | H50: 0 | I50: 0
B51: Total de Km/mês | G51: 45885.714
B53: Veículos
B54: Trator com Carroceria | D54: Quantidade | E54: Reserva | F54: Hr/dia por Veíc. | G54: Hr por mês | H54: Efetivo | I54: Reserva
B55: diurno | D55: 1 | E55: 0.1 | F55: 7.33 | G55: 183.77357 | H55: 1 | I55: 0
B56: noturno | D56: 0 | E56: 0 | F56: 0 | G56: 0 | H56: 0 | I56: 0
B57: domingos | D57: 0 | E57: 0 | F57: 0 | G57: 0 | H57: 0 | I57: 0
B59: Veículos
B60: Pick-Up 4x4 | C60: Quantidade | E60: Reserva | F60: Km/dia por Veíc. | G60: Km por mês | H60: Efetivo | I60: Reserva
B61: diurno | C61: 1 | E61: 0 | F61: 80 | G61: 2005.7143 | H61: 1 | I61: 0
B62: noturno | C62: 1 | E62: 0 | F62: 80 | G62: 2005.7143 | H62: 1 | I62: 0
B63: domingos | C63: 0 | E63: 0 | G63: 0 | H63: 0 | I63: 0
B64: Total de Km/mês | G64: 4011.4286
B66: Mão de Obra
C67: Motorista Tipo V | G67: Coletor
B68: Mão de Obra Direta | C68: Quantidade | D68: Reserva | E68: Total | G68: Quantidade | H68: Reserva | I68: Total
B69: diurno | C69: 12 | D69: 1 | E69: 13 | G69: 36 | H69: 3 | I69: 39
B70: noturno | C70: 11 | D70: 1 | E70: 12 | G70: 33 | H70: 3 | I70: 36
B71: Total de Funcionários | C71: 23 | D71: 2 | E71: 25 | G71: 69 | H71: 6 | I71: 75
B73: Mão de Obra
C74: Fiscal de Serviço
B75: Mão de Obra Direta | C75: Quantidade | D75: Reserva | E75: Total
B76: diurno | C76: 1 | D76: 0 | E76: 1
B77: noturno | C77: 1 | D77: 0 | E77: 1
B78: Total de Funcionários | C78: 2 | D78: 0 | E78: 2
A81: I | B81: PESSOAL, REMUNERAÇÃO E ENCARGOS SOCIAIS
B82: Motorista Tipo V | D82: Quant | F82: Valor Mensal | H82: Subtotal
B83: Salário Base | D83: 1 | E83: x | F83: 3437.97 | G83: = | H83: 3437.97
B84: Hora Extra | C84: 0.5 | D84: 0 | E84: x | F84: 27.861614 | H84: 0
B85: Insalubridade (% Sal. Mín.) | C85: 0.4 | D85: 1 | E85: x | F85: 677.848 | G85: = | H85: 677.848
B86: Domingo | C86: 1 | D86: 4 | E86: x | F86: 34.201545 | G86: = | H86: 136.80618
B87: Adicional Noturno | D87: 0.47826087 | E87: x | F87: 687.594 | G87: = | H87: 328.8493
B88: Encargos Sociais | C88: 0.7965 | G88: = | H88: 3649.1436
B89: Seguro de Vida | D89: 1 | E89: x | F89: 12 | G89: = | H89: 12
B90: Total Motorista | D90: 1 | E90: x | F90: 8242.6171 | H90: = | I90: 8242.6171
B92: Coletor | D92: Quant | F92: Valor Mensal | H92: Subtotal
B93: Salário Base | D93: 1 | E93: x | F93: 2033.09 | G93: = | H93: 2033.09
B94: Hora Extra | C94: 0.5 | D94: 0 | E94: x | F94: 18.282886 | H94: 0
B95: Insalubridade (% Sal. Base) | C95: 0.4 | D95: 1 | E95: x | F95: 677.848 | G95: = | H95: 677.848
B96: Domingo | C96: 1 | D96: 4 | E96: x | F96: 21.429909 | G96: = | H96: 85.719636
B97: Adicional Noturno | D97: 0.47826087 | E97: x | F97: 406.618 | G97: = | H97: 194.46948
B98: Encargos Sociais | C98: 0.7965 | G98: = | H98: 2382.4327
B99: Seguro de Vida | D99: 1 | E99: x | F99: 12 | G99: = | H99: 12
B100: Total Coletor | D100: 1 | E100: x | F100: 5385.5599 | H100: = | I100: 5385.5599
B102: Fiscal de Serviço | D102: Quant | F102: Valor Mensal | H102: Subtotal
B103: Salário Base | D103: 1 | E103: x | F103: 2532.1 | G103: = | H103: 2532.1
B104: Hora Extra | C104: 0.5 | D104: 0 | E104: x | F104: 21.685227 | G104: = | H104: 0
B105: Insalubridade (% Sal. Mín.) | C105: 0.4 | D105: 0 | E105: x | F105: 677.848 | G105: = | H105: 0
B106: Domingo | C106: 1 | D106: 0 | E106: x | F106: 25.966364 | G106: = | H106: 0
B107: Adicional Noturno | D107: 0.5 | E107: x | F107: 506.42 | G107: = | H107: 253.21
B108: Encargos Sociais | C108: 0.7965 | G108: = | H108: 2218.4994
B109: Seguro de Vida | D109: 1 | E109: x | F109: 12 | G109: = | H109: 12
B110: Total Fiscal de Serviço | D110: 1 | E110: x | F110: 5015.8094 | H110: = | I110: 5015.8094
B112: TOTAL PESSOAL, REMUNERAÇÃO E ENCARGOS SOCIAIS
D113: Quant | F113: Valor Unitário | H113: Subtotal
B114: Motorista | D114: 25 | F114: 8242.6171 | H114: 206065.43
B115: Coletor | D115: 75 | F115: 5385.5599 | H115: 403916.99
B116: Fiscal de Serviço | D116: 2 | F116: 5015.8094 | H116: 10031.619
H117: = | I117: 620014.04
A118: II | B118: UNIFORMES E EPI'S
...

Sheet Entulho
A1: COMPOSIÇÃO DE PREÇOS
A2: COLETA MECANIZADA E TRANSPORTE DE ENTULHOS
B4: DADOS OPERACIONAIS
B5: Número de dias no ano: | C5: 365 | D5: dias
B6: Domingos no ano: | C6: 52.142857 | D6: dias
B7: Dias úteis no ano: | C7: 312.85714 | D7: dias
B8: Média mensal dias úteis: | C8: 26.071429 | D8: dias
B9: Feirados no ano: | C9: 12 | D9: dias
B10: Dias úteis no ano sem feirados: | C10: 300.85714 | D10: dias
B11: Média mensal dias úteis sem feirado: | C11: 25.071429 | D11: dias
B13: Quantidade Mensal de Serviço: | C13: 17000 | D13: M³ | E13: COMP. GUARNIÇÃO - TIPO 01 | H13: COMP. GUARNIÇÃO - TIPO 02
B14: Dias efetivos o mês: | C14: 25.071429 | D14: dias | E14: Caminhão Basculante | F14: 4 | H14: Caminhão Basculante | I14: 4
B15: Quantidade Diária de Serviço: | C15: 678.06268 | D15: M³ | E15: Pá Carregadeira | F15: 1 | H15: Retroescavadeira | I15: 1
E16: Agente de Limpeza | F16: 4 | H16: Agente de Limpeza | I16: 4
B17: DIMENSIONAMENTO
B18: Quantidade Diária de Serviço: | C18: 678.06268 | D18: M³
B19: Quantidade Diária de Coleta Diurna: | C19: 1 | E19: 678.06268 | F19: M³
B20: Quantidade Diária de Coleta Noturna: | C20: 0 | E20: 0 | F20: M³
B22: Capacidade do Veículo Baculante 12 m³ | C22: 12 | D22: M³
B23: Quantidade de Viagens por Turno: | C23: 3 | D23: viagens
B24: Quantidade Coleta por Turno: | C24: 36 | D24: M³
B26: Quantidade de Veículos Diurno: | C26: 19 | D26: veículos | E26: participação diurna: | F26: 1 | G26: QUANTIDADE DE GUARNIÇÕES
B27: Quantidade de Veículos Noturno: | C27: 0 | D27: veículos | E27: participação noturna: | F27: 0 | G27: Tipo 01: | H27: 3
B28: Quantidade de Veículos Domingos: | C28: 0 | D28: veículos | E28: domingos: | F28: 0 | G28: Tipo 02: | H28: 3
B29: Total de Saídas: | C29: 19
B31: COMPOSIÇÃO DE EQUIPE | D31: QUANT.
B32: Caminhão Basculante 12m³ | D32: 24 | E32: veículo
B33: Pá Carregadeira | D33: 3 | E33: veículo
B34: Retroescavadeira | D34: 3 | E34: veículo
B35: Motorista Tipo V | D35: 24 | E35: colaboradores
B36: Agente de limpeza | D36: 24 | E36: colaboradores
B37: Operador | D37: 6 | E37: colaboradores
B38: Fiscal de Serviço | D38: 1 | E38: colaboradores
B39: Veículo de Fiscal | D39: 1 | E39: veículo
B41: Veículos
B42: Caminhão Basculante 12 m³ | C42: Quantidade | E42: Reserva | F42: Km/dia por Veíc. | G42: Km por mês | H42: Efetivo | I42: Reserva
B43: diurno | C43: 24 | E43: 0.1 | F43: 70 | G43: 42120 | H43: 24 | I43: 2
B44: noturno | C44: 0 | E44: 0.1 | F44: 0 | G44: 0 | H44: 0 | I44: 0
B45: domingos | C45: 0 | E45: 0 | G45: 0 | H45: 0 | I45: 0
B46: Total de Km/mês | G46: 42120
B48: Veículos
B49: Pá Carregadeira | D49: Quantidade | E49: Reserva | F49: Hr/dia por Veíc. | G49: Hr por mês | H49: Efetivo | I49: Reserva
B50: diurno | D50: 3 | E50: 0 | F50: 7.33 | G50: 551.32071 | H50: 3 | I50: 0
B52: Veículos
B53: Retroescavadeira | D53: Quantidade | E53: Reserva | F53: Hr/dia por Veíc. | G53: Hr por mês | H53: Efetivo | I53: Reserva
B54: diurno | D54: 3 | E54: 0 | F54: 7.33 | G54: 551.32071 | H54: 3 | I54: 0
B56: Veículos
B57: Pick-Up 4x4 | C57: Quantidade | E57: Reserva | F57: Km/dia por Veíc. | G57: Km por mês | H57: Efetivo | I57: Reserva
B58: diurno | C58: 1 | E58: 0 | F58: 100 | G58: 2507.1429 | H58: 1 | I58: 0
B59: noturno | C59: 0 | E59: 0 | F59: 0 | G59: 0 | H59: 0 | I59: 0
B60: domingos | C60: 0 | E60: 0 | G60: 0 | H60: 0 | I60: 0
B61: Total de Km/mês | G61: 2507.1429
B63: Mão de Obra
C64: Motorista Tipo V | G64: Agente de limpeza
B65: Mão de Obra Direta | C65: Quantidade | D65: Reserva | E65: Total | G65: Quantidade | H65: Reserva | I65: Total
B66: diurno | C66: 24 | D66: 2 | E66: 26 | G66: 24 | H66: 2 | I66: 26
B67: noturno | C67: 0 | D67: 0 | E67: 0 | G67: 0 | H67: 0 | I67: 0
B68: Total de Funcionários | C68: 24 | D68: 2 | E68: 26 | G68: 24 | H68: 2 | I68: 26
B70: Mão de Obra
C71: Operador | G71: Fiscal
B72: Mão de Obra Direta | C72: Quantidade | D72: Reserva | E72: Total | G72: Quantidade | H72: Reserva | I72: Total
B73: diurno | C73: 6 | D73: 0 | E73: 6 | G73: 1 | H73: 0 | I73: 1
B74: noturno | C74: 0 | D74: 0 | E74: 0 | G74: 0 | H74: 0 | I74: 0
B75: Total de Funcionários | C75: 6 | D75: 0 | E75: 6 | G75: 1 | H75: 0 | I75: 1
A78: I | B78: PESSOAL, REMUNERAÇÃO E ENCARGOS SOCIAIS
B79: Motorista Tipo V | D79: Quant | F79: Valor Mensal | H79: Subtotal
B80: Salário Base | D80: 1 | E80: x | F80: 3437.97 | G80: = | H80: 3437.97
B81: Hora Extra | C81: 0.5 | D81: 4 | E81: x | F81: 27.861614 | H81: 111.44645
B82: Insalubridade (% Sal. Mín.) | C82: 0.4 | D82: 1 | E82: x | F82: 677.848 | G82: = | H82: 677.848
B83: Domingo | C83: 1 | D83: 0 | E83: x | F83: 34.201545 | G83: = | H83: 0
B84: Adicional Noturno | D84: 0 | E84: x | F84: 687.594 | G84: = | H84: 0
B85: Encargos Sociais | C85: 0.7965 | G85: = | H85: 3367.0161
B86: Seguro de Vida | D86: 1 | E86: x | F86: 12 | G86: = | H86: 12
B87: Total Motorista | D87: 1 | E87: x | F87: 7606.2806 | H87: = | I87: 7606.2806
B89: Agente de limpeza | D89: Quant | F89: Valor Mensal | H89: Subtotal
B90: Salário Base | D90: 1 | E90: x | F90: 1694.46 | G90: = | H90: 1694.46
B91: Hora Extra | C91: 0.5 | D91: 4 | E91: x | F91: 15.974045 | G91: = | H91: 63.896182
B92: Insalubridade (% Sal. Mín.) | C92: 0.4 | D92: 1 | E92: x | F92: 677.848 | G92: = | H92: 677.848
B93: Domingo | C93: 1 | D93: 0 | E93: x | F93: 18.351455 | G93: = | H93: 0
B94: Adicional Noturno | D94: 0 | E94: x | F94: 338.892 | G94: = | H94: 0
B95: Encargos Sociais | C95: 0.7965 | G95: = | H95: 1940.4366
B96: Seguro de Vida | D96: 1 | E96: x | F96: 12 | G96: = | H96: 12
B97: Total Agente de Limpeza | D97: 1 | E97: x | F97: 4388.6408 | I97: 4388.6408
B99: Operador de Máquina | D99: Quant | F99: Valor Mensal | H99: Subtotal
B100: Salário Base | D100: 1 | E100: x | F100: 2337.97 | G100: = | H100: 2337.97
B101: Hora Extra | C101: 0.5 | D101: 4 | E101: x | F101: 18.151159 | G101: = | H101: 72.604636
B102: Insalubridade (% Sal. Mín.) | C102: 0.2 | D102: 1 | E102: x | F102: 338.924 | G102: = | H102: 338.924
B103: Domingo | C103: 1 | D103: 0 | E103: x | F103: 24.201545 | G103: = | H103: 0
B104: Adicional Noturno | D104: 0 | E104: x | F104: 467.594 | G104: = | H104: 0
B105: Encargos Sociais | C105: 0.7965 | G105: = | H105: 2189.9757
B106: Seguro de Vida | D106: 1 | E106: x | F106: 12 | G106: = | H106: 12
B107: Total Operador | D107: 1 | E107: x | F107: 4951.4743 | I107: 4951.4743
B109: Fiscal de Serviço | D109: Quant | F109: Valor Mensal | H109: Subtotal
B110: Salário Base | D110: 1 | E110: x | F110: 2532.1 | G110: = | H110: 2532.1
B111: Hora Extra | C111: 0.5 | D111: 4 | E111: x | F111: 17.264318 | G111: = | H111: 69.057273
B112: Insalubridade (% Sal. Mín.) | C112: 0 | D112: 0 | E112: x | F112: 0 | G112: = | H112: 0
B113: Domingo | C113: 1 | D113: 0 | E113: x | F113: 25.966364 | G113: = | H113: 0
B114: Adicional Noturno | D114: 0 | E114: x | F114: 506.42 | G114: = | H114: 0
B115: Encargos Sociais | C115: 0.7965 | G115: = | H115: 2071.8218
B116: Seguro de Vida | D116: 1 | E116: x | F116: 12 | G116: = | H116: 12
...

Sheet Lavagem de Feiras
A1: COMPOSIÇÃO DE PREÇOS
A2: LIMPEZA E LAVAGEM DE FEIRAS E MERCADOS
B4: DADOS OPERACIONAIS
B5: Número de dias no ano: | C5: 365 | D5: dias
B6: Domingos no ano: | C6: 52.142857 | D6: dias
B7: Dias úteis no ano: | C7: 312.85714 | D7: dias
B8: Média mensal dias úteis: | C8: 26.071429 | D8: dias
B9: Feirados no ano: | C9: 12 | D9: dias
B10: Dias úteis no ano sem feirados: | C10: 300.85714 | D10: dias
B11: Média mensal dias úteis sem feirado: | C11: 25.071429 | D11: dias
B13: Quantidade Mensal de Serviço: | C13: 1 | D13: equipe
B14: Dias efetivos o mês: | C14: 30.416667 | D14: dias
B15: Horas Diárias | C15: 7.33 | D15: h/dia
B17: DIMENSIONAMENTO
G18: COMPOSIÇÃO GUARNIÇÃO
B19: Quantidade Diária de limpeza Diurna | C19: 1 | D19: Equipes | E19: participação diurna: | F19: 1 | G19: Caminhão Pipa 13m³ | I19: 1
B20: Quantidade Diária de limpeza noturno: | C20: 0 | D20: Equipes | E20: participação noturna: | F20: 0.5 | G20: Agente de Limpeza | I20: 10
G21: Auxiliar do Pipa | I21: 1
B23: CONSTITUIÇÃO DA EQUIPE
B24: Caminhão Pipa 13m³ | C24: 1 | D24: veículo
B25: Motorista Tipo V | C25: 1 | D25: colaborador
B26: Agente de Limpeza | C26: 10 | D26: colaboradores
B27: Auxiliar do Pipa | C27: 1 | D27: colaboradores
B31: Veículos
B32: Caminhão Pipa | C32: Quantidade | E32: Reserva | F32: Km/dia por Veíc. | G32: Km por mês | H32: Efetivo | I32: Reserva
B33: diurno | C33: 1 | E33: 0 | F33: 70 | G33: 2129.1667 | H33: 1 | I33: 0
B34: noturno | C34: 1 | E34: 0 | F34: 70 | G34: 2129.1667 | H34: 1 | I34: 0
B35: domingos | E35: 0 | G35: 0 | H35: 0 | I35: 0
B36: Total de Km/mês | G36: 4258.3333
B38: Mão de Obra
C39: Motorista Tipo V | G39: Agente de Limpeza
B40: Mão de Obra Direta | C40: Quantidade | D40: Reserva | E40: Total | G40: Quantidade | H40: Reserva | I40: Total
B41: diurno | C41: 1 | D41: 0 | E41: 1 | G41: 10 | H41: 1 | I41: 11
B42: noturno | C42: 1 | D42: 0 | E42: 1 | G42: 0 | H42: 0 | I42: 0
B43: Total de Funcionários | C43: 2 | D43: 0 | E43: 2 | G43: 10 | H43: 1 | I43: 11
C45: Auxiliar do Pipa
B46: Mão de Obra Direta | C46: Quantidade | D46: Reserva | E46: Total | G46: Quantidade | H46: Reserva | I46: Total
B47: diurno | C47: 1 | D47: 0 | E47: 1 | G47: 0 | H47: 0 | I47: 0
B48: noturno | C48: 1 | D48: 0 | E48: 1 | G48: 0 | H48: 0 | I48: 0
B49: Total de Funcionários | C49: 2 | D49: 0 | E49: 2 | G49: 0 | H49: 0 | I49: 0
A51: I | B51: PESSOAL, REMUNERAÇÃO E ENCARGOS SOCIAIS
B52: Motorista Tipo V | D52: Quant | F52: Valor Mensal | H52: Subtotal
B53: Salário Base | D53: 1 | E53: x | F53: 3437.97 | G53: = | H53: 3437.97
B54: Hora Extra | C54: 0.5 | D54: 0 | E54: x | F54: 25.651159 | G54: = | H54: 0
B55: Insalubridade (% Sal. Mín.) | C55: 0.2 | D55: 1 | E55: x | F55: 338.924 | G55: = | H55: 338.924
B56: Domingo | C56: 1 | D56: 8 | E56: x | F56: 34.201545 | G56: = | H56: 273.61236
B57: Adicional Noturno | D57: 0.5 | E57: x | F57: 687.594 | G57: = | H57: 343.797
B58: Encargos Sociais | C58: 0.7965 | G58: = | H58: 3500.0626
B59: Seguro de Vida | D59: 1 | E59: x | F59: 12 | G59: = | H59: 12
B60: Total Motorista | D60: 1 | E60: x | F60: 7906.366 | H60: = | I60: 7906.366
B62: Agente de limpeza | D62: Quant | F62: Valor Mensal | H62: Subtotal
B63: Salário Base | D63: 1 | E63: x | F63: 1694.46 | G63: = | H63: 1694.46
B64: Hora Extra | C64: 0.5 | D64: 0 | E64: x | F64: 13.763591 | G64: = | H64: 0
B65: Insalubridade (% Sal. Mín.) | C65: 0.2 | D65: 1 | E65: x | F65: 338.924 | G65: = | H65: 338.924
B66: Domingo | C66: 1 | D66: 8 | E66: x | F66: 18.351455 | G66: = | H66: 146.81164
B67: Adicional Noturno | D67: 0.5 | E67: x | F67: 338.892 | G67: = | H67: 169.446
B68: Encargos Sociais | C68: 0.7965 | G68: = | H68: 1871.4896
B69: Seguro de Vida | D69: 1 | E69: x | F69: 12 | G69: = | H69: 12
B70: Total Agente de Limpeza | D70: 1 | E70: x | F70: 4233.1312 | I70: 4233.1312
B72: Auxiliar de Pipa | D72: Quant | F72: Valor Mensal | H72: Subtotal
B73: Salário Base | D73: 1 | E73: x | F73: 2033.09 | G73: = | H73: 2033.09
B74: Hora Extra | C74: 0.5 | D74: 0 | E74: x | F74: 16.072432 | G74: = | H74: 0
B75: Insalubridade (% Sal. Mín.) | C75: 0.2 | D75: 1 | E75: x | F75: 338.924 | G75: = | H75: 338.924
B76: Domingo | C76: 1 | D76: 8 | E76: x | F76: 21.429909 | G76: = | H76: 171.43927
B77: Adicional Noturno | D77: 0.5 | E77: x | F77: 406.618 | G77: = | H77: 203.309
B78: Encargos Sociais | C78: 0.7965 | G78: = | H78: 2187.7962
B79: Seguro de Vida | D79: 1 | E79: x | F79: 12 | G79: = | H79: 12
B80: Total Agente de Limpeza | D80: 1 | E80: x | F80: 4946.5584 | I80: 4946.5584
B83: TOTAL PESSOAL, REMUNERAÇÃO E ENCARGOS SOCIAIS
D84: Quant | F84: Valor Mensal | H84: Subtotal
B85: Motorista | D85: 2 | F85: 7906.366 | H85: 15812.732
B86: Agente de Limpeza | D86: 11 | F86: 4233.1312 | H86: 46564.443
B87: Auxiliar de Pipa | D87: 2 | F87: 4946.5584 | H87: 9893.1168
H88: = | I88: 72270.292
A90: II | B90: UNIFORMES E EPI'S
B91: Motorista, Fiscal | D91: Quant | F91: Valor Mensal | H91: Subtotal
C92: Uniforme (Calça e Camisa) | D92: 6 | E92: unidade/ ano x | F92: 160.99 | G92: /un. ÷ 12 | H92: 80.495
C93: Boné | D93: 4 | E93: unidade/ ano x | F93: 28.13 | G93: /un. ÷ 12 | H93: 9.3766667
C94: Protetor Solar (2L) | D94: 1 | E94: unidade/ ano x | F94: 340.72 | G94: /un. ÷ 12 | H94: 28.393333
C95: Calçado de Proteção | D95: 4 | E95: unidade/ ano x | F95: 76.83 | G95: /un. ÷ 12 | H95: 25.61
B96: Custo Uniformes Motorista,Operador | D96: 1 | E96: Motorista,Encarregado/Lider | G96: x | H96: 143.875 | I96: 143.875
B98: Agente de Limpeza | D98: Quant | F98: Valor Mensal | H98: Subtotal
C99: Uniforme (Calça e Camisa) | D99: 8 | E99: unidade/ ano x | F99: 160.99 | G99: /un. ÷ 12 | H99: 107.32667
C100: Boné | D100: 6 | E100: unidade/ ano x | F100: 28.13 | G100: /un. ÷ 12 | H100: 14.065
C101: Calçado de Proteção | D101: 6 | E101: unidade/ ano x | F101: 76.83 | G101: /un. ÷ 12 | H101: 38.415
C102: Colete Refletivo | D102: 3 | E102: unidade/ ano x | F102: 32.8 | G102: /un. ÷ 12 | H102: 8.2
C103: Protetor Solar (2L) | D103: 1 | E103: unidade/ ano x | F103: 340.72 | G103: /un. ÷ 12 | H103: 28.393333
C104: Luva em Raspa de Couro | D104: 6 | E104: unidade/ ano x | F104: 19.66 | G104: /un. ÷ 12 | H104: 9.83
C105: Luva de PVC | D105: 3 | E105: unidade/ ano x | F105: 30 | G105: /un. ÷ 12 | H105: 7.5
C106: Protetor Facial | D106: 3 | E106: unidade/ ano x | F106: 47.13 | G106: /un. ÷ 13 | H106: 11.7825
C107: Avental de Segurança | D107: 3 | E107: unidade/ ano x | F107: 19.32 | G107: /un. ÷ 14 | H107: 4.83
C108: Bota Sete Legua Cano Longo | D108: 3 | E108: unidade/ ano x | F108: 112.5 | G108: /un. ÷ 12 | H108: 28.125
B109: Custo Uniformes Agente de Limpeza | D109: 1 | E109: Ag. de Limp | F109: x | H109: 258.4675 | I109: 258.4675
B111: TOTAL UNIFORMES E EPI'S
D112: Quant | F112: Valor Mensal | H112: Subtotal
B113: Motorista | D113: 2 | F113: 143.875 | H113: 287.75
B114: Agente de Limpeza | D114: 11 | F114: 258.4675 | H114: 2843.1425
B115: Auxiliar de Pipa | D115: 2 | F115: 258.4675 | H115: 516.935
I116: 3647.8275
A117: III | B117: PPR, VALE TRANSPORTE E AUXILIO ALIMENTAÇÃO
...

Sheet Varrição Manual
A1: COMPOSIÇÃO DE PREÇOS
A2: VARRIÇÃO MANUAL DE VIAS PÚBLICAS
B4: DADOS OPERACIONAIS
B5: Número de dias no ano: | C5: 365 | D5: dias
B6: Domingos no ano: | C6: 52.142857 | D6: dias
B7: Dias úteis no ano: | C7: 312.85714 | D7: dias
B8: Média mensal dias úteis: | C8: 26.071429 | D8: dias
B9: Feirados no ano: | C9: 12 | D9: dias
B10: Dias úteis no ano sem feirados: | C10: 300.85714 | D10: dias
B11: Média mensal dias úteis sem feirado: | C11: 25.071429 | D11: dias
B13: Quantidade Mensal de Serviço: | C13: 3500 | D13: km eixo | E13: 139.60114
B14: Dias efetivos o mês: | C14: 25.071429 | D14: dias
B15: Domingos e Feriados | C15: 5.3452381 | D15: dias
B17: DIMENSIONAMENTO
B18: Varrição Diurna | C18: 0.8 | D18: 2800 | E18: km eixo
B19: Varrição Noturna | C19: 0.2 | D19: 700 | E19: km eixo
B20: Quantidade domingo | C20: 0 | D20: 0 | E20: km eixo
B21: Total de varição | C21: 0 | D21: 3500 | E21: km eixo
B23: Velocidade de varrição de um varredor | C23: 250 | D23: m/h | F23: Transporte dos colaboradores
B24: Horas Diárias | C24: 7.33 | D24: h/dia | F24: premissas
B25: Produção Diária (1 varredor) | C25: 1832.5 | D25: m/dia/varredor | F25: transporte onibus | H25: 0.8 | I25: 64
B26: Produção Diária (1 varredor) | C26: 1.8325 | D26: km/dia/varredor | F26: pontos de apoio | H26: 0.2 | I26: 2
B27: Produção Diária (1 varredor) | C27: 0.91625 | D27: km eixo/dia/varredor | F27: quantidade de onibus | I27: 2
B28: Quantidade de varredores Diurno: | C28: 61 | D28: Varredores
B29: Quantidade de varredores Noturno: | C29: 16 | D29: Varredores
B30: Rotação de Domingo | C30: 3 | D30: Varredores
B31: Total de Varredores | C31: 80 | D31: Varredores
B33: CONSTITUIÇÃO DA EQUIPE
B34: Ônibus | C34: 2 | D34: veículo
B35: Motorista Tipo V | C35: 2 | D35: colaboradores
B36: Varredor | C36: 80 | D36: colaboradores
B37: Fiscal de serviços | C37: 2 | D37: colaborador
B38: Veículo de Fiscal | C38: 1 | D38: veículo
B39: Ponto de Apoio | C39: 2 | D39: ponto
B41: Veículos
B42: Ônibus | C42: Quantidade | E42: Reserva | F42: Km/dia por Veíc. | G42: Km por mês | H42: Efetivo | I42: Reserva
B43: diurno | C43: 2 | E43: 0 | F43: 100 | G43: 5014.2857 | H43: 2 | I43: 0
B44: noturno | C44: 0 | E44: 0 | F44: 0 | G44: 0 | H44: 0 | I44: 0
B45: domingos | C45: 0 | E45: 0 | G45: 0 | H45: 0 | I45: 0
B46: Total de Km/mês | G46: 5014.2857
B48: Pick-Up 4x4 | C48: Quantidade | E48: Reserva | F48: Km/dia por Veíc. | G48: Km por mês | H48: Efetivo | I48: Reserva
B49: diurno | C49: 1 | E49: 0 | F49: 70 | G49: 2129.1667 | H49: 1 | I49: 0
B50: noturno | C50: 0 | E50: 0 | F50: 0 | G50: 0 | H50: 0 | I50: 0
B51: domingos | C51: 0 | E51: 0 | G51: 0 | H51: 0 | I51: 0
B52: Total de Km/mês | G52: 2129.1667
B54: Mão de Obra
C55: Motorista Tipo V | G55: Varredor
B56: Mão de Obra Direta | C56: Quantidade | D56: Reserva | E56: Total | G56: Quantidade | H56: Reserva | I56: Total
B57: diurno | C57: 2 | D57: 0 | E57: 2 | G57: 61 | H57: 6 | I57: 67
B58: noturno | C58: 0 | D58: 0 | E58: 0 | G58: 16 | H58: 1 | I58: 17
B59: rotação de domingo | C59: 0 | D59: 0 | E59: 0 | G59: 3 | H59: 0 | I59: 3
B60: Total de Funcionários | C60: 2 | D60: 0 | E60: 2 | G60: 80 | H60: 7 | I60: 87
B62: Mão de Obra
C63: Fiscal de Serviço
B64: Mão de Obra Direta | C64: Quantidade | D64: Reserva | E64: Total
B65: diurno | C65: 1 | D65: 0 | E65: 1
B66: noturno | C66: 1 | D66: 0 | E66: 1
B67: rotação de domingo | C67: 0 | D67: 0 | E67: 0
B68: Total de Funcionários | C68: 2 | D68: 0 | E68: 2
A71: I | B71: PESSOAL, REMUNERAÇÃO E ENCARGOS SOCIAIS
B72: Motorista Tipo V | D72: Quant | F72: Valor Mensal | H72: Subtotal
B73: Salário Base | D73: 1 | E73: x | F73: 3437.97 | G73: = | H73: 3437.97
B74: Hora Extra | C74: 0.5 | D74: 4 | E74: x | F74: 23.440705 | H74: 93.762818
B75: Insalubridade (% Sal. Mín.) | C75: 0 | D75: 0 | E75: x | F75: 0 | G75: = | H75: 0
B76: Domingo | C76: 1 | D76: 0 | E76: x | F76: 34.201545 | G76: = | H76: 0
B77: Adicional Noturno | D77: 0 | E77: x | F77: 687.594 | G77: = | H77: 0
B78: Encargos Sociais | C78: 0.7965 | G78: = | H78: 2813.0252
B79: Seguro de Vida | D79: 1 | E79: x | F79: 12 | G79: = | H79: 12
B80: Total Motorista | D80: 1 | E80: x | F80: 6356.758 | H80: = | I80: 6356.758
B82: Varredor | D82: Quant | F82: Valor Mensal | H82: Subtotal
B83: Salário Base | D83: 1 | E83: x | F83: 1694.46 | G83: = | H83: 1694.46
B84: Hora Extra | C84: 0.5 | D84: 4 | E84: x | F84: 15.974045 | G84: = | H84: 63.896182
B85: Insalubridade (% Sal. Mín.) | C85: 0.4 | D85: 1 | E85: x | F85: 677.848 | G85: = | H85: 677.848
B86: Domingo | C86: 1 | D86: 0.0375 | E86: x | F86: 18.351455 | G86: = | H86: 0.68817955
B87: Adicional Noturno | D87: 0.2 | E87: x | F87: 338.892 | G87: = | H87: 67.7784
B88: Encargos Sociais | C88: 0.7965 | G88: = | H88: 1994.9703
B89: Seguro de Vida | D89: 1 | E89: x | F89: 12 | G89: = | H89: 12
B90: Total Varredor | D90: 1 | E90: x | F90: 4511.641 | I90: 4511.641
B92: Fiscal de Serviço | D92: Quant | F92: Valor Mensal | H92: Subtotal
B93: Salário Base | D93: 1 | E93: x | F93: 2532.1 | G93: = | H93: 2532.1
B94: Hora Extra | C94: 0.5 | D94: 4 | E94: x | F94: 17.264318 | G94: = | H94: 69.057273
B95: Insalubridade (% Sal. Mín.) | C95: 0 | D95: 0 | E95: x | F95: 0 | G95: = | H95: 0
B96: Domingo | C96: 1 | D96: 0 | E96: x | F96: 25.966364 | G96: = | H96: 0
B97: Adicional Noturno | D97: 0.5 | E97: x | F97: 506.42 | G97: = | H97: 253.21
B98: Encargos Sociais | C98: 0.7965 | G98: = | H98: 2273.5035
B99: Seguro de Vida | D99: 1 | E99: x | F99: 12 | G99: = | H99: 12
B100: Total Fiscal de Serviço | D100: 1 | E100: x | F100: 5139.8708 | H100: = | I100: 5139.8708
B103: TOTAL PESSOAL, REMUNERAÇÃO E ENCARGOS SOCIAIS
D104: Quant | F104: Valor Mensal | H104: Subtotal
B105: Motorista | D105: 2 | F105: 6356.758 | H105: 12713.516
B106: Varredor | D106: 87 | F106: 4511.641 | H106: 392512.77
B107: Fiscal de Serviço | D107: 2 | F107: 5139.8708 | H107: 10279.742
I108: 415506.03
A109: II | B109: UNIFORMES E EPI'S
B111: Motorista, Fiscal | D111: Quant | F111: Valor Mensal | H111: Subtotal
C112: Uniforme (Calça e Camisa) | D112: 6 | E112: unidade/ ano x | F112: 160.99 | G112: /un. ÷ 12 | H112: 80.495
C113: Boné | D113: 4 | E113: unidade/ ano x | F113: 28.13 | G113: /un. ÷ 12 | H113: 9.3766667
C114: Protetor Solar (2L) | D114: 1 | E114: unidade/ ano x | F114: 340.72 | G114: /un. ÷ 12 | H114: 28.393333
C115: Calçado de Proteção | D115: 4 | E115: unidade/ ano x | F115: 76.83 | G115: /un. ÷ 12 | H115: 25.61
B116: Custo Uniformes | C116: 1 | D116: Motorista, Encarregado, Lider e Fiscal | G116: x | H116: 143.875 | I116: 143.875
...

Sheet Capina Mecanizada
A1: COMPOSIÇÃO DE PREÇOS
A2: CAPINA MECANIZADA
B4: DADOS OPERACIONAIS
B5: Número de dias no ano: | C5: 365 | D5: dias
B6: Domingos no ano: | C6: 52.142857 | D6: dias
B7: Dias úteis no ano: | C7: 312.85714 | D7: dias
B8: Média mensal dias úteis: | C8: 26.071429 | D8: dias
B9: Feirados no ano: | C9: 12 | D9: dias
B10: Dias úteis no ano sem feirados: | C10: 300.85714 | D10: dias
B11: Média mensal dias úteis sem feirado: | C11: 25.071429 | D11: dias
B13: Quantidade Mensal de Serviço: | C13: 2 | D13: equipe
B14: Dias efetivos o mês: | C14: 25.071429 | D14: dias
B16: DSIMENSIONAMENTO
B17: Quantidade Diária de Serviços: | C17: 2 | D17: equipe | G17: COMPOSIÇÃO GUARNIÇÃO
B18: Quantidade Diária de Coleta Diurna: | C18: 1 | E18: 2 | F18: equipe | G18: Trator com Roçadeira | I18: 1
B19: Quantidade Diária de Coleta Noturna: | C19: 0 | E19: 0 | F19: equipe | G19: Agente de Limpeza | I19: 3
B20: Quantidade Domingos e Feriados | C20: 0 | E20: 0 | F20: equipe
B22: CONSTITUIÇÃO DA EQUIPE
B23: Trator com Roçadeira | C23: 2 | D23: veículo
B24: Operador de Máquina | C24: 2 | D24: colaboradores
B25: Agente de Limpeza | C25: 6 | D25: colaboradores
B27: Veículos
B28: Trator com Roçadeira | C28: Quantidade | E28: Reserva | F28: Hr/dia por Veíc. | G28: Hr por mês | H28: Efetivo | I28: Reserva
B29: diurno | C29: 2 | E29: 0 | F29: 7.33 | G29: 367.54714 | H29: 2 | I29: 0
B31: Mão de Obra
C32: Operador | G32: Agente de limpeza
B33: Mão de Obra Direta | C33: Quantidade | D33: Reserva | E33: Total | G33: Quantidade | H33: Reserva | I33: Total
B34: diurno | C34: 2 | D34: 0 | E34: 2 | G34: 6 | H34: 0 | I34: 6
B35: noturno | C35: 0 | D35: 0 | E35: 0 | G35: 0 | H35: 0 | I35: 0
B36: Total de Funcionários | C36: 2 | D36: 0 | E36: 2 | G36: 6 | H36: 0 | I36: 6
A39: I | B39: PESSOAL, REMUNERAÇÃO E ENCARGOS SOCIAIS
B40: Agente de limpeza | D40: Quant | F40: Valor Mensal | H40: Subtotal
B41: Salário Base | D41: 1 | E41: x | F41: 1694.46 | G41: = | H41: 1694.46
B42: Hora Extra | C42: 0.5 | D42: 4 | E42: x | F42: 15.974045 | G42: = | H42: 63.896182
B43: Insalubridade (% Sal. Mín.) | C43: 0.4 | D43: 1 | E43: x | F43: 677.848 | G43: = | H43: 677.848
B44: Domingo | C44: 1 | D44: 0 | E44: x | F44: 18.351455 | G44: = | H44: 0
B45: Adicional Noturno | D45: 0 | E45: x | F45: 338.892 | G45: = | H45: 0
B46: Encargos Sociais | C46: 0.7965 | G46: = | H46: 1940.4366
B47: Seguro de Vida | D47: 1 | E47: x | F47: 12 | G47: = | H47: 12
B48: Total Agente de Limpeza | D48: 1 | E48: x | F48: 4388.6408 | I48: 4388.6408
B50: Operador de Máquina | D50: Quant | F50: Valor Mensal | H50: Subtotal
B51: Salário Base | D51: 1 | E51: x | F51: 2337.97 | G51: = | H51: 2337.97
B52: Hora Extra | C52: 0.5 | D52: 4 | E52: x | F52: 18.151159 | G52: = | H52: 72.604636
B53: Insalubridade (% Sal. Mín.) | C53: 0.2 | D53: 1 | E53: x | F53: 338.924 | G53: = | H53: 338.924
B54: Domingo | C54: 1 | D54: 0 | E54: x | F54: 24.201545 | G54: = | H54: 0
B55: Adicional Noturno | D55: 0 | E55: x | F55: 467.594 | G55: = | H55: 0
B56: Encargos Sociais | C56: 0.7965 | G56: = | H56: 2189.9757
B57: Seguro de Vida | D57: 1 | E57: x | F57: 12 | G57: = | H57: 12
B58: Total Agente de Limpeza | D58: 1 | E58: x | F58: 4951.4743 | I58: 4951.4743
B60: TOTAL PESSOAL, REMUNERAÇÃO E ENCARGOS SOCIAIS
D61: Quant | F61: Valor Mensal | H61: Subtotal
B62: Agente de Limpeza | D62: 6 | F62: 4388.6408 | H62: 26331.845
B63: Operador de Máquina | D63: 2 | F63: 4951.4743 | H63: 9902.9486
I64: 36234.793
A65: II | B65: UNIFORMES E EPI'S
B67: Operador | D67: Quant | F67: Valor Mensal | H67: Subtotal
C68: Uniforme (Calça e Camisa) | D68: 6 | E68: unidade/ ano x | F68: 160.99 | G68: /un. ÷ 12 | H68: 80.495
C69: Boné | D69: 6 | E69: unidade/ ano x | F69: 28.13 | G69: /un. ÷ 12 | H69: 14.065
C70: Protetor Solar (2L) | D70: 1 | E70: unidade/ ano x | F70: 340.72 | G70: /un. ÷ 12 | H70: 28.393333
C71: Calçado de Proteção | D71: 4 | E71: unidade/ ano x | F71: 76.83 | G71: /un. ÷ 12 | H71: 25.61
B72: Custo Uniformes Motorista, Encarregado/Lider | D72: 1 | E72: Motorista, Enc./Lider | G72: x | H72: 148.56333 | I72: 148.56333
B74: Agente de Limpeza | D74: Quant | F74: Valor Mensal | H74: Subtotal
C75: Uniforme (Calça e Camisa) | D75: 8 | E75: unidade/ ano x | F75: 160.99 | G75: /un. ÷ 12 | H75: 107.32667
C76: Boné | D76: 6 | E76: unidade/ ano x | F76: 28.13 | G76: /un. ÷ 12 | H76: 14.065
C77: Calçado de Proteção | D77: 6 | E77: unidade/ ano x | F77: 76.83 | G77: /un. ÷ 12 | H77: 38.415
C78: Capa de PVC | D78: 8 | E78: unidade/ ano x | F78: 28.23 | G78: /un. ÷ 12 | H78: 18.82
C79: Colete Refletivo | D79: 4 | E79: unidade/ ano x | F79: 32.8 | G79: /un. ÷ 12 | H79: 10.933333
C80: Óculos de Segurança | D80: 6 | E80: unidade/ ano x | F80: 7.53 | G80: /un. ÷ 12 | H80: 3.765
C81: Protetor Solar (2L) | D81: 1 | E81: unidade/ ano x | F81: 340.72 | G81: /un. ÷ 12 | H81: 28.393333
C82: Luva em Raspa de Couro | D82: 12 | E82: unidade/ ano x | F82: 19.66 | G82: /par ÷ 12 | H82: 19.66
B83: Custo Uniformes Varredor | D83: 1 | E83: Varredor | F83: x | H83: 241.37833 | I83: 241.37833
B85: TOTAL UNIFORMES E EPI'S | D85: Quant | F85: Valor Unitário | H85: Subtotal
B86: Agente de Limpeza | D86: 6 | F86: 241.37833 | H86: 1448.27
B87: Operador de Máquina | D87: 2 | F87: 148.56333 | H87: 297.12667
I88: 1745.3967
A90: III | B90: PPR, VALE TRANSPORTE E AUXILIO ALIMENTAÇÃO
B92: Cálculo do Vale Transporte:
B93: Refeição | C93: 28 | D93: R$/refeição
B94: Tick Alimentação | C94: 28 | D94: R$/alimentalção
B95: Preço do passe: | C95: 5 | D95: R$/passe
B96: Passe x dia: | C96: 2 | D96: passe
B97: Dias efetivos no mês: | C97: 25.071429 | D97: dias
B98: Valor Vale Transporte: | C98: 250.71429 | D98: R$/mês
B100: Agente de Limpeza | D100: Quant | F100: Valor Mensal | H100: Subtotal
B101: Vale Alimentação/Refeição | D101: 1 | E101: x | F101: 1404 | H101: 1404
B102: PPR | D102: 1 | E102: x | F102: 0 | H102: 0
B103: Vale Transporte | D103: 1 | E103: x | F103: 149.04669 | H103: 149.04669
B104: Total | D104: 1 | E104: x | F104: 1553.0467 | I104: 1553.0467
B106: Operador de Máquina | D106: Quant | F106: Valor Mensal | H106: Subtotal
B107: Vale Alimentação/Refeição | D107: 1 | E107: x | F107: 1404 | H107: 1404
B108: PPR | D108: 1 | E108: x | F108: 0 | H108: 0
B109: Vale Transporte | D109: 1 | E109: x | F109: 110.43609 | H109: 110.43609
B110: Total | D110: 1 | E110: x | F110: 1514.4361 | I110: 1514.4361
B112: TOTAL PPR, VALE TRANSPORTE E AUXILIO ALIMENTAÇÃO
D113: Quant | F113: Valor Unitário | H113: Subtotal
B114: Agente de Limpeza | D114: 6 | F114: 1553.0467 | H114: 9318.2801
B115: Operador de Máquina | D115: 2 | F115: 1514.4361 | H115: 3028.8722
I116: 12347.152
A118: IV | B118: MATERIAS, FERRAMENTAS E UTENSÍLIOS
B120: Ferramentas e Materias | C120: Vida Util (meses) | D120: Quant | F120: Valor Unitário | H120: Subtotal
...

Sheet Eq Padrão
A1: COMPOSIÇÃO DE PREÇOS
A2: EQUIPE PADRÃO
B4: DADOS OPERACIONAIS
B5: Número de dias no ano: | C5: 365 | D5: dias
B6: Domingos no ano: | C6: 52.142857 | D6: dias
B7: Dias úteis no ano: | C7: 312.85714 | D7: dias
B8: Média mensal dias úteis: | C8: 26.071429 | D8: dias
B9: Feirados no ano: | C9: 12 | D9: dias
B10: Dias úteis no ano sem feirados: | C10: 300.85714 | D10: dias
B11: Média mensal dias úteis sem feirado: | C11: 25.071429 | D11: dias
F12: COMPOSIÇÃO GUARNIÇÃO
F13: Caminhão Basculante 12 m3 | H13: 0.5
B14: Quantidade Mensal Total de Serviço: | C14: 10 | D14: equipes | F14: Agente de Limpeza | H14: 16
B15: Dias efetivos o mês: | C15: 25.071429 | D15: dias | F15: Roçador | H15: 4
F16: Líder de Equipe | H16: 1
F17: Pontos de Apoio | H17: 1
B19: CONSTITUIÇÃO DA EQUIPE
B20: Caminhão Basculante 12 m3 | C20: 5 | D20: veículo
B21: Agente de Limpeza | C21: 160 | D21: colaboradores
B22: Roçador | C22: 40 | D22: colaboradores
B23: Líder de Equipe | C23: 10 | D23: líderes
B24: Ônibus | C24: 4 | D24: veículo
B25: Caminhão Carroceria | C25: 1 | D25: veículo
B26: Motorista Tipo IV | C26: 10 | D26: colaborador
B27: Fiscal | C27: 2 | D27: colaboradores
B28: Veículo de Fiscal | C28: 2 | D28: veículo
B29: Pontos de Apoio | C29: 10 | D29: pontos
B31: Veículos
B32: Caminhão Basculante 12 m³ | C32: Quantidade | E32: Reserva | F32: Km/dia por Veíc. | G32: Km por mês | H32: Efetivo | I32: Reserva
B33: diurno | C33: 5 | E33: 0 | F33: 70 | G33: 8775 | H33: 5 | I33: 0
B34: noturno | C34: 0 | E34: 0 | F34: 0 | G34: 0 | H34: 0 | I34: 0
B35: domingos | C35: 0 | E35: 0 | G35: 0 | H35: 0 | I35: 0
B36: Total de Km/mês | G36: 8775
B38: Ônibus | C38: Quantidade | E38: Reserva | F38: Km/dia por Veíc. | G38: Km por mês | H38: Efetivo | I38: Reserva
B39: diurno | C39: 4 | E39: 0 | F39: 100 | G39: 10028.571 | H39: 4 | I39: 0
B40: noturno | C40: 0 | E40: 0 | F40: 0 | G40: 0 | H40: 0 | I40: 0
B41: domingos | C41: 0 | E41: 0 | G41: 0 | H41: 0 | I41: 0
B42: Total de Km/mês | G42: 10028.571
B44: Caminhão Carroceria | C44: Quantidade | E44: Reserva | F44: Km/dia por Veíc. | G44: Km por mês | H44: Efetivo | I44: Reserva
B45: diurno | C45: 1 | E45: 0 | F45: 70 | G45: 2800 | H45: 1 | I45: 0
B46: noturno | C46: 0 | E46: 0 | F46: 0 | G46: 0 | H46: 0 | I46: 0
B47: domingos | C47: 0 | E47: 0 | G47: 0 | H47: 0 | I47: 0
B48: Total de Km/mês | G48: 2800
B50: Pick-Up 4x4 | C50: Quantidade | E50: Reserva | F50: Km/dia por Veíc. | G50: Km por mês | H50: Efetivo | I50: Reserva
B51: diurno | C51: 2 | E51: 0 | F51: 70 | G51: 3510 | H51: 2 | I51: 0
B52: noturno | C52: 0 | E52: 0 | F52: 0 | G52: 0 | H52: 0 | I52: 0
B53: domingos | C53: 0 | E53: 0 | G53: 0 | H53: 0 | I53: 0
B54: Total de Km/mês | G54: 3510
B56: Mão de Obra
C57: Motorista Tipo IV | G57: Agente de limpeza
B58: Mão de Obra Direta | C58: Quantidade | D58: Reserva | E58: Total | G58: Quantidade | H58: Reserva | I58: Total
B59: diurno | C59: 10 | D59: 1 | E59: 11 | G59: 160 | H59: 16 | I59: 176
B60: noturno | C60: 0 | D60: 0 | E60: 0 | G60: 0 | H60: 0 | I60: 0
B61: Total de Funcionários | C61: 10 | D61: 1 | E61: 11 | G61: 160 | H61: 16 | I61: 176
B63: Mão de Obra
C64: Roçador | G64: Líder de Equipe
B65: Mão de Obra Direta | C65: Quantidade | D65: Reserva | E65: Total | G65: Quantidade | H65: Reserva | I65: Total
B66: diurno | C66: 40 | D66: 4 | E66: 44 | G66: 10 | H66: 1 | I66: 11
B67: noturno | C67: 0 | D67: 0 | E67: 0 | G67: 0 | H67: 0 | I67: 0
B68: Total de Funcionários | C68: 40 | D68: 4 | E68: 44 | G68: 10 | H68: 1 | I68: 11
B70: Mão de Obra
C71: Fiscal
B72: Mão de Obra Direta | C72: Quantidade | D72: Reserva | E72: Total | G72: Quantidade | H72: Reserva | I72: Total
B73: diurno | C73: 2 | D73: 0 | E73: 2 | G73: 0 | H73: 0 | I73: 0
B74: noturno | C74: 0 | D74: 0 | E74: 0 | G74: 0 | H74: 0 | I74: 0
B75: Total de Funcionários | C75: 2 | D75: 0 | E75: 2 | G75: 0 | H75: 0 | I75: 0
A77: I | B77: PESSOAL, REMUNERAÇÃO E ENCARGOS SOCIAIS
B78: Motorista Tipo IV | D78: Quant | F78: Valor Mensal | H78: Subtotal
B79: Salário Base | D79: 1 | E79: x | F79: 2885.76 | G79: = | H79: 2885.76
B80: Hora Extra | C80: 0.5 | D80: 4 | E80: x | F80: 24.096545 | H80: 96.386182
B81: Insalubridade (% Sal. Mín.) | C81: 0.4 | D81: 1 | E81: x | F81: 677.848 | G81: = | H81: 677.848
B82: Domingo | C82: 1 | D82: 0 | E82: x | F82: 29.181455 | G82: = | H82: 0
B83: Adicional Noturno | D83: 0 | E83: x | F83: 577.152 | G83: = | H83: 0
B84: Encargos Sociais | C84: 0.7965 | G84: = | H84: 2915.1854
B85: Seguro de Vida | D85: 1 | E85: x | F85: 12 | G85: = | H85: 12
B86: Total Motorista | D86: 1 | E86: x | F86: 6587.1795 | H86: = | I86: 6587.1795
B88: Agente de limpeza | D88: Quant | F88: Valor Mensal | H88: Subtotal
B89: Salário Base | D89: 1 | E89: x | F89: 1694.46 | G89: = | H89: 1694.46
B90: Hora Extra | C90: 0.5 | D90: 4 | E90: x | F90: 13.763591 | G90: = | H90: 55.054364
B91: Insalubridade (% Sal. Mín.) | C91: 0.2 | D91: 1 | E91: x | F91: 338.924 | G91: = | H91: 338.924
B92: Domingo | C92: 1 | D92: 0 | E92: x | F92: 18.351455 | G92: = | H92: 0
B93: Adicional Noturno | D93: 0 | E93: x | F93: 338.892 | G93: = | H93: 0
B94: Encargos Sociais | C94: 0.7965 | G94: = | H94: 1663.4412
B95: Seguro de Vida | D95: 1 | E95: x | F95: 12 | G95: = | H95: 12
B96: Total Agente de Limpeza | D96: 1 | E96: x | F96: 3763.8795 | I96: 3763.8795
B98: Roçador | D98: Quant | F98: Valor Mensal | H98: Subtotal
B99: Salário Base | D99: 1 | E99: x | F99: 2117.82 | G99: = | H99: 2117.82
B100: Hora Extra | C100: 0.5 | D100: 4 | E100: x | F100: 14.439682 | G100: = | H100: 57.758727
B101: Insalubridade (% Sal. Mín.) | C101: 0 | D101: 0 | E101: x | F101: 0 | G101: = | H101: 0
B102: Domingo | C102: 1 | D102: 0 | E102: x | F102: 22.200182 | G102: = | H102: 0
B103: Adicional Noturno | D103: 0 | E103: x | F103: 423.564 | G103: = | H103: 0
B104: Encargos Sociais | C104: 0.7965 | G104: = | H104: 1732.8485
B105: Seguro de Vida | D105: 1 | E105: x | F105: 12 | G105: = | H105: 12
B106: Total Agente de Limpeza | D106: 1 | E106: x | F106: 3920.4272 | I106: 3920.4272
B108: Líder de Equipe | D108: Quant | F108: Valor Mensal | H108: Subtotal
B109: Salário Base | D109: 1 | E109: x | F109: 2517.95 | G109: = | H109: 2517.95
B110: Hora Extra | C110: 0.5 | D110: 4 | E110: x | F110: 17.167841 | G110: = | H110: 68.671364
B111: Insalubridade (% Sal. Mín.) | C111: 0 | D111: 0 | E111: x | F111: 0 | G111: = | H111: 0
B112: Domingo | C112: 1 | D112: 0 | E112: x | F112: 25.837727 | G112: = | H112: 0
B113: Adicional Noturno | D113: 0 | E113: x | F113: 503.59 | G113: = | H113: 0
...

Sheet Cemitério
A1: COMPOSIÇÃO DE PREÇOS
A2: EQUIPE PERMANENTE DE LIMPEZA DE CEMITÉRIOS
B4: DADOS OPERACIONAIS
B5: Número de dias no ano: | C5: 365 | D5: dias
B6: Domingos no ano: | C6: 52.142857 | D6: dias
B7: Dias úteis no ano: | C7: 312.85714 | D7: dias
B8: Média mensal dias úteis: | C8: 26.071429 | D8: dias
B9: Feirados no ano: | C9: 12 | D9: dias
B10: Dias úteis no ano sem feirados: | C10: 300.85714 | D10: dias
B11: Média mensal dias úteis sem feirado: | C11: 25.071429 | D11: dias
F13: COMPOSIÇÃO GUARNIÇÃO
B14: Quantidade Mensal Total de Serviço: | C14: 1 | D14: equipes | F14: Agente de Limpeza | H14: 20
B15: Dias efetivos o mês: | C15: 25.071429 | D15: dias | F15: Roçador | H15: 5
B19: CONSTITUIÇÃO DA EQUIPE
B20: Agente de Limpeza | C20: 20 | D20: colaboradores
B21: Roçador | C21: 5 | D21: colaboradores
B22: Fiscal | C22: 1 | D22: colaboradores
B23: Veículo de Fiscal | C23: 1 | D23: veículo
B25: Veículos
B26: Pick-Up 4x4 | C26: Quantidade | E26: Reserva | F26: Km/dia por Veíc. | G26: Km por mês | H26: Efetivo | I26: Reserva
B27: diurno | C27: 1 | E27: 0 | F27: 70 | G27: 1755 | H27: 1 | I27: 0
B28: noturno | C28: 0 | E28: 0 | F28: 0 | G28: 0 | H28: 0 | I28: 0
B29: domingos | C29: 0 | E29: 0 | G29: 0 | H29: 0 | I29: 0
B30: Total de Km/mês | G30: 1755
B32: Mão de Obra
C33: Roçador | G33: Agente de limpeza
B34: Mão de Obra Direta | C34: Quantidade | D34: Reserva | E34: Total | G34: Quantidade | H34: Reserva | I34: Total
B35: diurno | C35: 5 | D35: 0 | E35: 5 | G35: 20 | H35: 2 | I35: 22
B36: noturno | C36: 0 | D36: 0 | E36: 0 | G36: 0 | H36: 0 | I36: 0
B37: Total de Funcionários | C37: 5 | D37: 0 | E37: 5 | G37: 20 | H37: 2 | I37: 22
B39: Mão de Obra
C40: Fiscal
B41: Mão de Obra Direta | C41: Quantidade | D41: Reserva | E41: Total | G41: Quantidade | H41: Reserva | I41: Total
B42: diurno | C42: 1 | D42: 0 | E42: 1 | G42: 0 | H42: 0 | I42: 0
B43: noturno | C43: 0 | D43: 0 | E43: 0 | G43: 0 | H43: 0 | I43: 0
B44: Total de Funcionários | C44: 1 | D44: 0 | E44: 1 | G44: 0 | H44: 0 | I44: 0
A46: I | B46: PESSOAL, REMUNERAÇÃO E ENCARGOS SOCIAIS
B48: Agente de limpeza | D48: Quant | F48: Valor Mensal | H48: Subtotal
B49: Salário Base | D49: 1 | E49: x | F49: 1694.46 | G49: = | H49: 1694.46
B50: Hora Extra | C50: 0.5 | D50: 4 | E50: x | F50: 13.763591 | G50: = | H50: 55.054364
B51: Insalubridade (% Sal. Mín.) | C51: 0.2 | D51: 1 | E51: x | F51: 338.924 | G51: = | H51: 338.924
B52: Domingo | C52: 1 | D52: 0 | E52: x | F52: 18.351455 | G52: = | H52: 0
B53: Adicional Noturno | D53: 0 | E53: x | F53: 338.892 | G53: = | H53: 0
B54: Encargos Sociais | C54: 0.7965 | G54: = | H54: 1663.4412
B55: Seguro de Vida | D55: 1 | E55: x | F55: 12 | G55: = | H55: 12
B56: Total Agente de Limpeza | D56: 1 | E56: x | F56: 3763.8795 | I56: 3763.8795
B58: Roçador | D58: Quant | F58: Valor Mensal | H58: Subtotal
B59: Salário Base | D59: 1 | E59: x | F59: 2117.82 | G59: = | H59: 2117.82
B60: Hora Extra | C60: 0.5 | D60: 4 | E60: x | F60: 14.439682 | G60: = | H60: 57.758727
B61: Insalubridade (% Sal. Mín.) | C61: 0 | D61: 0 | E61: x | F61: 0 | G61: = | H61: 0
B62: Domingo | C62: 1 | D62: 0 | E62: x | F62: 22.200182 | G62: = | H62: 0
B63: Adicional Noturno | D63: 0 | E63: x | F63: 423.564 | G63: = | H63: 0
B64: Encargos Sociais | C64: 0.7965 | G64: = | H64: 1732.8485
B65: Seguro de Vida | D65: 1 | E65: x | F65: 12 | G65: = | H65: 12
B66: Total Agente de Limpeza | D66: 1 | E66: x | F66: 3920.4272 | I66: 3920.4272
B68: Fiscal de Serviço | D68: Quant | F68: Valor Mensal | H68: Subtotal
B69: Salário Base | D69: 1 | E69: x | F69: 2532.1 | G69: = | H69: 2532.1
B70: Hora Extra | C70: 0.5 | D70: 4 | E70: x | F70: 17.264318 | G70: = | H70: 69.057273
B71: Insalubridade (% Sal. Mín.) | C71: 0 | D71: 0 | E71: x | F71: 0 | G71: = | H71: 0
B72: Domingo | C72: 1 | D72: 0 | E72: x | F72: 25.966364 | G72: = | H72: 0
B73: Adicional Noturno | D73: 0 | E73: x | F73: 506.42 | G73: = | H73: 0
B74: Encargos Sociais | C74: 0.7965 | G74: = | H74: 2071.8218
B75: Seguro de Vida | D75: 1 | E75: x | F75: 12 | G75: = | H75: 12
B76: Total Fiscal | D76: 1 | E76: x | F76: 4684.979 | I76: 4684.979
B78: TOTAL PESSOAL, REMUNERAÇÃO E ENCARGOS SOCIAIS
D79: Quant | F79: Valor Mensal | H79: Subtotal
B80: Agente de Limpeza | D80: 22 | F80: 3763.8795 | H80: 82805.349
B81: Roçador | D81: 5 | F81: 3920.4272 | H81: 19602.136
B82: Fiscal de Serviço | D82: 1 | F82: 4684.979 | H82: 4684.979
I83: 107092.46
A85: II | B85: UNIFORMES E EPI'S
B87: Motorista, Encarregado, Lider e Fiscal | D87: Quant | F87: Valor Mensal | H87: Subtotal
C88: Uniforme (Calça e Camisa) | D88: 6 | E88: unidade/ ano x | F88: 160.99 | G88: /un. ÷ 12 | H88: 80.495
C89: Boné | D89: 6 | E89: unidade/ ano x | F89: 28.13 | G89: /un. ÷ 12 | H89: 14.065
C90: Protetor Solar (2L) | D90: 1 | E90: unidade/ ano x | F90: 340.72 | G90: /un. ÷ 12 | H90: 28.393333
C91: Calçado de Proteção | D91: 4 | E91: unidade/ ano x | F91: 76.83 | G91: /un. ÷ 12 | H91: 25.61
B92: Custo Uniformes Motorista,Encarregado, Lider e Fiscal | D92: 1 | E92: Motorista,Encarregado/Lider | G92: x | H92: 148.56333 | I92: 148.56333
B94: Agente de Limpeza, Roçador | D94: Quant | F94: Valor Mensal | H94: Subtotal
C95: Uniforme (Calça e Camisa) | D95: 8 | E95: unidade/ ano x | F95: 160.99 | G95: /un. ÷ 12 | H95: 107.32667
C96: Boné | D96: 6 | E96: unidade/ ano x | F96: 28.13 | G96: /un. ÷ 12 | H96: 14.065
C97: Calçado de Proteção | D97: 6 | E97: unidade/ ano x | F97: 76.83 | G97: /un. ÷ 12 | H97: 38.415
C98: Protetor Auricular | D98: 12 | E98: unidade/ ano x | F98: 2.33 | G98: /un. ÷ 12 | H98: 2.33
C99: Capa de PVC | D99: 3 | E99: unidade/ ano x | F99: 28.23 | G99: /un. ÷ 12 | H99: 7.0575
C100: Colete Refletivo | D100: 3 | E100: unidade/ ano x | F100: 32.8 | G100: /un. ÷ 12 | H100: 8.2
C101: Protetor Solar (2L) | D101: 1 | E101: unidade/ ano x | F101: 340.72 | G101: /un. ÷ 12 | H101: 28.393333
C102: Perneira de Couro | D102: 6 | E102: unidade/ ano x | F102: 49.54 | G102: /un. ÷ 13 | H102: 24.77
C103: Óculos de Segurança | D103: 12 | E103: unidade/ ano x | F103: 7.53 | G103: /un. ÷ 14 | H103: 7.53
C104: Protetor Facial | D104: 12 | E104: unidade/ ano x | F104: 47.13 | G104: /un. ÷ 15 | H104: 47.13
C105: Avental de Couro | D105: 6 | E105: unidade/ ano x | F105: 69 | G105: /un. ÷ 16 | H105: 34.5
C106: Luva Pigmentada | D106: 6 | E106: unidade/ ano x | F106: 6.56 | G106: /par ÷ 12 | H106: 3.28
B107: Custo Uniformes Agente de Limpeza, Roçador | D107: 1 | E107: Ag. de Limp, Roçador | F107: x | H107: 322.9975 | I107: 322.9975
B109: TOTAL UNIFORMES E EPI'S
D110: Quant | F110: Valor Mensal | H110: Subtotal
B111: Agente de Limpeza | D111: 22 | F111: 322.9975 | H111: 7105.945
B112: Roçador | D112: 5 | F112: 322.9975 | H112: 1614.9875
B113: Fiscal de Serviço | D113: 1 | F113: 148.56333 | H113: 148.56333
I114: 8869.4958
A116: III | B116: PPR, VALE TRANSPORTE E AUXILIO ALIMENTAÇÃO
B118: Cálculo do Vale Transporte:
B119: Refeição | C119: 28 | D119: R$/refeição
...

Sheet Mat. e Ferramentas
B2: MATERIAIS, FERRAMENTAS E UTENSÍLIOS
B3: DESCRIÇÃO | C3: UN. | D3: VALOR | E3: REFERÊNCIA
B4: Enxada | C4: un. | D4: 63.29 | E4: Banco de Preços
B5: Pá Quadrada | C5: un. | D5: 44 | E5: Banco de Preços
B6: Carrinho de Mão | C6: un. | D6: 230.5 | E6: Banco de Preços
B7: Conteiner 120 Litros | C7: un. | D7: 347.6 | E7: Banco de Preços
B8: Vassourão | C8: un. | D8: 41.6 | E8: Banco de Preços
B9: Cal de Pintura | C9: kg | D9: =15.95/8 -> 1.99375 | E9: Banco de Preços
B10: Brocha de Pintura | C10: un. | D10: 8.62 | E10: Banco de Preços
B11: Balde | C11: un. | D11: 11.28 | E11: Banco de Preços
B12: Garfo | C12: un. | D12: 77.52 | E12: Banco de Preços
B13: Sacos de Lixo | C13: un. | D13: 2.07 | E13: Banco de Preços
B14: Gasolina | C14: l | D14: 6.43 | E14: Banco de Preços
B15: Cone de sinalização | C15: un. | D15: 52 | E15: Banco de Preços
B16: Óleo Diesel | C16: l | D16: 6.47 | E16: Banco de Preços
B17: Pneu 275 x 80 | C17: un. | D17: 1954.83 | E17: Banco de Preços
B18: Pneu 225 x 65 | C18: un. | D18: 929.1 | E18: Banco de Preços
B19: Óleo de Motor | C19: l | D19: 29.08 | E19: Banco de Preços
B20: Recapagem Pneu 275x80 | C20: un. | D20: 820.6 | E20: Banco de Preços
B21: Recapagem Pneu 225x65 | C21: un. | D21: 389.97 | E21: Banco de Preços
B22: Graxa | C22: kg | D22: =796.9/20 -> 39.845 | E22: Banco de Preços
B23: Câmara de Ar - 275x80 | C23: un. | D23: 159.27 | E23: Banco de Preços
B24: Câmara de Ar - 225x65 | C24: un. | D24: 76.72 | E24: Banco de Preços
B25: Protetor | C25: un. | D25: 46.74 | E25: Banco de Preços
B26: Óleo de transmissão | C26: l | D26: 41.98 | E26: Banco de Preços
B27: Óleo Hidraúlico | C27: l | D27: 42.75 | E27: Banco de Preços
B28: Conteiner Coletor - 500 L | C28: un. | D28: 1812 | E28: Banco de Preços
B29: Lavagem de Veículos Utilitários | C29: un. | D29: 88.71 | E29: Banco de Preços
B30: Lavagem de Caminhões | C30: un. | D30: 248.75 | E30: Banco de Preços
B31: Pá Quadrada (pazinha para varrição) | C31: un. | D31: 4.21 | E31: Banco de Preços
B32: Vassourinha (varrição) | C32: un. | D32: 33.03 | E32: Banco de Preços
B33: Detergente | C33: l | D33: 6.47 | E33: Banco de Preços
B34: Rastreamento Veícular (anual) | C34: un. | D34: 1573.67 | E34: Banco de Preços
... B44: Locação de Banheiros Químicos | C44: un. | D44: 293.96 | E44: Banco de Preços
B48: PARAUAPEBAS/PA
B49: Local | D49: Responsável Técnico
D50: Nome: | E50: ='PREÇO PMP'!E19 -> CLAUDIO EDUARDO BARBOSA CUNHA
B51: ='PREÇO PMP'!B20 -> 46085 | D51: CREA/CAU: | E51: ='PREÇO PMP'!E20 -> 261835077-4
B52: Data

Sheet Unif. e EPI´s
B2: UNIFORMES E EPI`s
B3: DESCRIÇÃO | C3: UN. | D3: VALOR | E3: REFERÊNCIA
B4: Uniforme (Calça e Camisa) | C4: un. | D4: 160.99 | E4: Banco de Preços
B5: Boné | C5: un. | D5: 28.13 | E5: Banco de Preços
B6: Calçado de Proteção | C6: par | D6: 76.83 | E6: Banco de Preços
B7: Bota Sete Legua Cano Longo | C7: par | D7: 112.5 | E7: Banco de Preços
B8: Luva Pigmentada | C8: par | D8: 6.56 | E8: Banco de Preços
B9: Luva em Raspa de Couro | C9: par | D9: 19.66 | E9: Banco de Preços
B10: Luva de PVC | C10: un. | D10: 30 | E10: Banco de Preços
B11: Capa de PVC | C11: un. | D11: 28.23 | E11: Banco de Preços
B12: Perneira de Couro | C12: un. | D12: 49.54 | E12: Banco de Preços
B13: Protetor Auricular | C13: un. | D13: 2.33 | E13: Banco de Preços
B14: Protetor Facial | C14: un. | D14: 47.13 | E14: Banco de Preços
B15: Óculos de Segurança | C15: un. | D15: 7.53 | E15: Banco de Preços
... B19: Avental de Couro | C19: un. | D19: 69 | E19: Banco de Preços
B23: PARAUAPEBAS/PA
B24: Local | D24: Responsável Técnico
D25: Nome: | E25: ='PREÇO PMP'!E19 -> CLAUDIO EDUARDO BARBOSA CUNHA
B26: ='PREÇO PMP'!B20 -> 46085 | D26: CREA/CAU: | E26: ='PREÇO PMP'!E20 -> 261835077-4
B27: Data

Sheet Equipamento
A2: EQUIPAMENTOS
A3: DESCRIÇÃO | B3: UN. | C3: VALOR | D3: REFERÊNCIA | E3: CÓD
A4: Chassi Caminhão PBT 23.000 kg (VW 17.280 c/ 3º eixo) | B4: un. | C4: 396201 | D4: FIPE-mar/26 | E4: 515136-8
A5: Chassi Plataforma 4 x 2, PBT 16.000 kg - 2 eixos | B5: un. | C5: 542047.22 | D5: SICRO/PA - out/25 | E5: A9331
A6: Chassi Plataforma 8 x 4, PBT 29.000 kg - 3 eixos | B6: un. | C6: 747665.9 | D6: SICRO/PA - out/25 | E6: A9327
A7: Chassi Plataforma 6 x 2, PBT 23.000 kg - 3 eixos | B7: un. | C7: 661568.01 | D7: SICRO/PA - out/25 | E7: A9332
A8: Caixa Compactadora 15 m3 | B8: un. | C8: 252400 | D8: Cotação 1
A9: Caçamba Basculante 12 m³ | B9: un. | C9: 179748.17 | D9: SICRO/PA - out/25 | E9: A9343
A10: Tanque Pipa 13 m³ | B10: un. | C10: 115345 | D10: SICRO/PA - out/25 | E10: A9361
A11: Ônibus Urbano - 52 lugares | B11: un. | C11: 790855 | D11: FIPE-mar/26 | E11: 508076-2
A12: Carregadeira de pneus com capacidade de 1,72 m³ | B12: un. | C12: 781942.98 | D12: SICRO/PA - out/25 | E12: E9581
A13: Roçadeira costal | B13: un. | C13: 3026.34 | D13: SICRO/PA - out/25 | E13: E9089
A14: Retroescavadeira | B14: un. | C14: 486474.45 | D14: SICRO/PA - out/25 | E14: E9770
A15: Veículo Pick-Up 4x4 | B15: un. | C15: 282132.05 | D15: SICRO/PA - out/25 | E15: E9684
A16: Carroceria de madeira com capacidade de 9t | B16: un. | C16: 31995.7 | D16: SICRO/PA - out/25 | E16: A9350
A17: Trator agrícola sobre pneus - 77 Kw | B17: un. | C17: 376904.97 | D17: SICRO/PA - out/25 | E17: E9577
A18: Trator agrícola sobre pneus com roçadeira articulada- 77 Kw | B18: un. | C18: 715045.7 | D18: SICRO/PA - out/25 | E18: E9742
A19: Escavadeira Hidráulica sobre esteira | B19: un. | C19: 1103358.6 | D19: SICRO/PA - out/25 | E19: E9576
A20: Equipamento de Pintura com Pistola Airless - 0,90 kW | B20: un. | C20: 2338.92 | D20: SICRO/PA - out/25 | E20: E9261
A24: PARAUAPEBAS/PA
A25: Local | C25: Responsável Técnico
C26: Nome: | D26: ='PREÇO PMP'!E19 -> CLAUDIO EDUARDO BARBOSA CUNHA
A27: ='PREÇO PMP'!B20 -> 46085 | C27: CREA/CAU: | D27: ='PREÇO PMP'!E20 -> 261835077-4
A28: Data

Sheet Salário Base
B2: SALÁRIO BASE MENSAL
B3: DESCRIÇÃO | C3: UN. | D3: VALOR | E3: REFERÊNCIA
B4: SALARIO MINÍMO | C4: R$ | D4: 1621 | E4: Min. Faz.
B5: SALARIO MINÍMO DA CATEGORIA | C5: R$ | D5: 1694.62 | E5: SINELPA - 26/27
B6: SEGURO DE VIDA | C6: R$ | D6: 12 | E6: SINELPA - 26/27
B7: PASSAGEM | C7: R$ | D7: 5 | E7: PMP
B8: REFEIÇÃO | C8: R$ | D8: 28 | E8: SINELPA - 26/27
B9: TICK ALIMENTAÇÃO | C9: R$ | D9: 28 | E9: SINELPA - 26/27
B10: SELIC (MAR/25) | C10: % | D10: 15 | E10: BC -mar/26
B11: COLETOR | C11: R$ | D11: 2033.09 | E11: SINELPA - 26/27
B12: AGENTE DE LIMPEZA | C12: R$ | D12: 1694.46 | E12: SINELPA - 26/27
B13: FISCAL DE SERVIÇO | C13: R$ | D13: 2532.1 | E13: SINELPA - 26/27
B14: VARREDOR | C14: R$ | D14: 1694.46 | E14: SINELPA - 26/27
B15: OPERADOR DE MÁQUINA | C15: R$ | D15: 2337.97 | E15: SINELPA - 26/27
... B22: MOTORISTA TIPO V | C22: R$ | D22: 3437.97 | E22: SINELPA - 25/26
B25: PARAUAPEBAS/PA
B26: Local | D26: Responsável Técnico
D27: Nome: | E27: ='PREÇO PMP'!E19 -> CLAUDIO EDUARDO BARBOSA CUNHA
B28: ='PREÇO PMP'!B20 -> 46085 | D28: CREA/CAU: | E28: ='PREÇO PMP'!E20 -> 261835077-4
B29: Data

Sheet Encargos Social
B2: ENCARGOS SOCIAIS
B4: ITEM | C4: A - Encargos Sociais Básicos | D4: VALOR INCIDENTE (%)
B5: A1 | C5: Previdência Social | D5: 0.2
B6: A2 | C6: FGTS | D6: 0.08
B7: A3 | C7: Salário Educação | D7: 0.025
B8: A4 | C8: SESI | D8: 0.015
B9: A5 | C9: SENAI | D9: 0.01
B10: A6 | C10: INCRA | D10: 0.002
B11: A7 | C11: SAT | D11: 0.03
B12: A8 | C12: SEBRAE | D12: 0.006
B13: Total dos encargos sociais básicos | D13: 0.368
B14: ITEM | C14: B - Encargos Sociais que recebem incidência de A | D14: VALOR INCIDENTE (%)
B15: B1 | C15: Férias Gozadas | D15: 0.0756
B16: B2 | C16: Auxilio Doença | D16: 0.0216
B17: B3 | C17: Acidente de Trabalho | D17: 0.0002
B18: B4 | C18: Auxilio Paternidade | D18: 0.0001
B19: B5 | C19: Faltas Legais | D19: 0.0058
B20: B6 | C20: Auxilio Doença + 15 dias | D20: 0.0005
B21: Total dos encargos sociais que recebem incidência do Grupo 1 | D21: 0.1038
B22: ITEM | C22: C - Verbas Indenizatórias | D22: VALOR INCIDENTE (%)
B23: C1 | C23: 1/3 Férias Cosntitucional | D23: 0.0252
B24: C2 | C24: 13º Salário | D24: 0.0925
B25: C3 | C25: Aviso Prévio Trabalhado | D25: 0.0015
C26: Total das Verbas Indenizatórias | D26: 0.1192
B27: ITEM | C27: D - Verbas Recisórias | D27: VALOR INCIDENTE (%)
B28: D1 | C28: Aviso Prévio Indenizados | D28: 0.0205
B29: D2 | C29: Complemento de Aviso Prévio Indenizado | D29: 0.0065
B30: D3 | C30: Reflexos no 13º terceiro e Férias | D30: 0.0064
B31: D4 | C31: Indenização Compensatória | D31: 0.0397
B32: D5 | C32: Contrbuição Social - Lei 110/91 | D32: 0.0099
B33: D6 | C33: Indenização Adicional | D33: 0.0029
B34: D7 | C34: Férias Indenizadas | D34: 0.0131
B35: D8 | C35: Adicional de Férias Indenizadas | D35: 0.0044
B36: Total de Verbas Recisórias | D36: 0.1034
B37: ITEM | C37: E - Abono Pecuniário | D37: VALOR INCIDENTE (%)
B38: E1 | C38: Abono Pecuniário | D38: 0.004
B39: E2 | C39: 1/3 Constitucionais do Abono | D39: 0.0013
B40: Total do Abono Pecuniário | D40: 0.0053
B41: ITEM | C41: F - Reincidências | D41: VALOR INCIDENTE (%)
B42: F1 | C42: FGTS S/ Aviso Prévio | D42: 0.0026
B43: F2 | C43: Incidência Grupo A s/ Aviso Prévio Indenizado | D43: 0.0076
B44: F3 | C44: Incidência s/ Salário Maternidade | D44: 0.0011
B45: F4 | C45: Incidência s/ 13º Salário Aviso Prévio | D45: 0.0002
B46: F5 | C46: Incidêcia do Grupo A s/ Grupo B + C | D46: 0.0853
C47: Total das Reincidências | D47: 0.0968
B48: TOTAL DE ENCARGOS SOCIAIS | D48: 0.7965

Sheet Mat. e Ferramentas (2)
A2: MATERIAIS, FERRAMENTAS E UTENSÍLIOS
A3: Gasolina | B3: l | C3: 6.651 | D3: Pesquisa de Mercado
A4: Óleo 2 Tempo | B4: l | C4: 10.02 | D4: Pesquisa de Mercado
A5: Diesel | B5: l | C5: 6.373 | D5: Pesquisa de Mercado | F5: =#REF! -> #REF! | G5: =F5*#REF! -> #REF! | H5: 1350123.1
A6: Óleo do Motor | B6: l | C6: 10 | D6: Pesquisa de Mercado
A7: Óleo de transmissão | B7: l | C7: 9 | D7: Pesquisa de Mercado
A8: Óleo Hidraúlico | B8: l | C8: 10 | D8: Pesquisa de Mercado

Sheet Plan1
J4: Agente de Limpeza
E5: MOTORISTA
D6: 2019 | E6: 2032.59 | I6: 2021 | J6: 1211.81 | K6: =J6*1.0924 -> 1323.7812
D7: 2020 | E7: 2561.69
D8: 2021 | E8: 2676.45 | F8: =E8*1.0924 -> 2923.754
J9: ENCARREGADO
I11: 2021 | J11: 1800.74 | K11: =J11*1.0924 -> 1967.1284
E13: COLETOR
D14: 2019 | E14: 1319.84
D15: 2020 | E15: 1378.84 | J15: 1853.98 | K15: =J15*1.0924 -> 2025.2878
D16: 2021 | E16: 1453.99 | F16: =E16*1.0924 -> 1588.3387
J18: 1514.59 | K18: =J18*1.0924 -> 1654.5381
